 Dungeon Crawl Stone Soup version 0.30-a0-341-g682706514a (webtiles) character file.

Game seed: 356968000181738960

66621 Hubris850 the Devastator (level 15, -7/82 HPs)
             Began as a Tengu Conjurer on Nov 1, 2022.
             Was the Champion of Nemelex Xobeh.
             Mangled by a swamp worm (15 damage)
             ... on level 1 of the Swamp.
             The game lasted 01:28:07 (24671 turns).

Hubris850 the Devastator (Tengu Conjurer)          Turns: 24671, Time: 01:28:07

Health: -7/82      AC: 13    Str: 12    XL:     15   Next: 20%
Magic:  29/40      EV: 19    Int: 21    God:    Nemelex Xobeh [******]
Gold:   2707       SH: 13    Dex: 31    Spells: 5/37 levels left

rFire   + + +      SeeInvis .    a - +6 falchion of Fatigue {drain, rElec Will- Dex+9 Stlth+}
rCold   . . .      Faith    .    f - +0 kite shield
rNeg    . . .      Spirit   .    y - +5 ring mail "Seaf" {rF+++ MP+9 Slay+5}
rPois   .          Reflect  .    (helmet restricted)
rElec   +          Harm     .    w - +1 cloak
rCorr   .          Rampage  .    t - +0 pair of gloves {Str+3}
Will    .....                    (boots unavailable)
Stlth   ++++......               C - amulet of the acrobat
HPRegen 0.33/turn                F - +6 ring of dexterity
MPRegen 0.27/turn                Q - +4 ring of evasion

@: flying quickly and evasively, quick
A: beak, talons 3, nimble flight
a: Renounce Religion, Draw Escape, Draw Destruction, Draw Summoning, Triple
Draw, Deal Four, Stack Five


You were on level 1 of the Swamp.
You worshipped Nemelex Xobeh.
Nemelex Xobeh was exalted by your worship.
You visited 4 branches of the dungeon, and saw 21 of its levels.
You also visited: Ossuary and Gauntlet.

You collected 2707 gold pieces.

Inventory:

Hand Weapons
 a - the +6 falchion of Fatigue (weapon) {drain, rElec Will- Dex+9 Stlth+}
   (You found it on level 11 of the Dungeon)

   A truly terrible weapon, it drains the life of any living foe it strikes.
   Dex:       It affects your dexterity (+9).
   rElec:     It insulates you from electricity.
   Will:      It decreases your willpower.
   Stlth:     It makes you more stealthy.
 b - a +2 falchion of flaming
 s - the +9 quarterstaff "Ruef" {freeze, Contam Int+2 Dex+7}
   (You found it on level 5 of the Lair of Beasts)

   It freezes those it strikes, dealing additional cold damage.
   It can also slow down cold-blooded creatures.
   Int:       It affects your intelligence (+2).
   Dex:       It affects your dexterity (+7).
   Contam:    It causes magical contamination when unequipped.
 x - a +1 short sword of venom
 Z - a +2 falchion of electrocution
Missiles
 l - 5 javelins
 n - 6 curare-tipped darts
 Y - 2 throwing nets
Armour
 f - a +0 kite shield (worn)
 t - a +0 pair of gloves of strength (worn)
 w - a +1 cloak (worn)
 y - the +5 ring mail "Seaf" (worn) {rF+++ MP+9 Slay+5}
   (You found it on level 4 of the Dungeon)

   Slay:      It affects your accuracy & damage with ranged weapons and melee
   (+5).
   rF:        It renders you almost immune to fire.
   MP:        It affects your magic capacity (+9).
 K - a +1 pair of gloves of hurling
Magical Staves
 e - a staff of fire
 i - a staff of earth
Jewellery
 C - an amulet of the acrobat (around neck)
 F - a +6 ring of dexterity (left hand)
 Q - a +4 ring of evasion (right hand)
 R - the ring "Leumink" {rC- Will++ rCorr Str+6 Slay-2}
   (You found it in a Gauntlet)

   [ring of strength]

   Str:       It affects your strength (+6).
   Slay:      It affects your accuracy & damage with ranged weapons and melee
   (-2).
   rC:        It makes you vulnerable to cold.
   rCorr:     It protects you from acid and corrosion.
   Will:      It greatly increases your willpower.
 U - a ring of wizardry
Wands
 o - a wand of polymorph (3)
 r - a wand of digging (2)
 u - a wand of quicksilver (9)
 z - a wand of iceblast (11)
 A - a wand of charming (3)
 I - a wand of flame (47)
Scrolls
 d - 3 scrolls of butterflies
 h - 2 scrolls of blinking
 p - 2 scrolls of teleportation
 v - a scroll of enchant weapon
 B - 5 scrolls of identify
 G - a scroll of summoning
 J - a scroll of fear
 L - a scroll of silence
Potions
 c - a potion of heal wounds
 g - 8 potions of curing
 j - 10 potions of lignification
 k - 3 potions of invisibility
 m - a potion of haste
 q - a potion of brilliance
 D - 5 potions of might
 E - 2 potions of berserk rage
 H - 2 potions of magic
Miscellaneous
 X - a phantom mirror


   Skills:
 + Level 5.3 Fighting
 - Level 10.0(11.5) Short Blades
 + Level 9.2(11.1) Long Blades
 - Level 3.0 Armour
 - Level 4.2 Dodging
 - Level 3.0 Stealth
 + Level 4.2 Shields
 - Level 11.8 Spellcasting
 - Level 16.8 Conjurations
 - Level 4.0 Hexes
 - Level 5.0 Necromancy
 - Level 3.0 Translocations
 - Level 3.0 Ice Magic
 - Level 5.0 Air Magic
 - Level 5.7 Earth Magic
 - Level 5.0 Invocations


You had 5 spell levels left.
You knew the following spells:

 Your Spells              Type           Power      Damage    Failure   Level
a - Magic Dart            Conj           100%       1d8       1%          1
b - Searing Ray           Conj           100%       2d8       1%          2
c - Fulminant Prism       Conj/Hex       27%        3d14      4%          4
d - Dazzling Flash        Conj/Hex       100%       N/A       1%          3
e - Stone Arrow           Conj/Erth      100%       3d13      1%          3
f - Blink                 Tloc           50%        N/A       16%         2
g - Orb of Destruction    Conj           35%        9d10      28%         7
h - Freezing Cloud        Conj/Ice/Air   23%        6-21      32%         5
i - Borgnjor's Vile Clut  Necr/Erth      17%        N/A       71%         5

Your spell library contained the following spells:

 Spells                   Type           Power      Damage    Failure   Level
 Foxfire                  Conj/Fire      100%       2x1d9     1%          1
 Sandblast                Erth           72%        2d16      3%          1
 Iskenderun's Mystic Bla  Conj/Tloc      52%        2d11      6%          4
 Ensorcelled Hibernation  Hex/Ice        54%        N/A       12%         2
 Passwall                 Tmut/Erth      20%        N/A       16%         2
 Teleport Other           Tloc           25%        N/A       30%         3
 Beastly Appendage        Tmut           24%        N/A       34%         1
 Kindle Blastsparks       Fire/Tloc/Air  46%        2d13      34%         3
 Summon Guardian Golem    Hex/Summ       20%        N/A       41%         3
 Wereblood                Tmut           12%        N/A       45%         2
 Manifold Assault         Tloc           25%        N/A       69%         4
 Ignite Poison            Fire/Tmut/Pois 12%        N/A       71%         3
 Spider Form              Tmut/Pois      12%        N/A       71%         3
 Ice Form                 Ice/Tmut       18%        N/A       88%         4
 Summon Ice Beast         Ice/Summ       18%        N/A       88%         4
 Summon Mana Viper        Hex/Summ       20%        N/A       99%         5
 Dispersal                Tloc           12%        N/A       100%        6
 Statue Form              Tmut/Erth      16%        N/A       100%        6
 Enfeeble                 Hex            14%        N/A       100%        7
 Spellforged Servitor     Conj/Summ      23%        N/A       100%        7
 Storm Form               Tmut/Air       11%        N/A       100%        7
 Borgnjor's Revivificati  Necr           16%        N/A       100%        8
 Disjunction              Tloc           12%        N/A       100%        8
 Necromutation            Tmut/Necr      11%        N/A       100%        8
 Death's Door             Necr           16%        N/A       100%        9


Dungeon Overview and Level Annotations

Branches:
Dungeon (13/15)            Temple (0/1) D:4            Lair (5/5) D:10
  Swamp (1/4) Lair:2       Spider (0/4) Lair:2        Slime (0/5) Lair:4
    Orc (2/2) D:9         Ossuary (visited)         Gauntlet (visited)
    Elf: Orc:2       Vaults: D:13-14

Altars:
Ashenzari
Cheibriados
Dithmenos
Gozag
Kikubaaqudgha
Makhleb
Nemelex Xobeh
Qazlal
Trog
Vehumet
The Shining One

Shops:
D:9 ==   D:11 :=!::   Orc:2 (

Annotations:
D:5 3 runed translucent doors, Muataran's ghost, novice HOFi
Lair:2 1 transporter
Lair:4 1 runed translucent door


Innate Abilities, Weirdness & Mutations

You have a beak for a mouth.
You have claws for feet.
Your magical nature lets you fly swiftly and evasively.


Message History

The swamp worm fires a harpoon shot at you.
The harpoon shot hits you.
You are yanked forward by the harpoon shot.
A will-o-the-wisp and a tyrant leech come into view.
Casting: Stone Arrow (safe; 1% risk of failure)
Confirm with . or Enter, or press ? or * to list all spells.
Aiming: Stone Arrow (safe; 1% risk of failure)
Press: ? - help, Shift-Dir - straight line, f/p - Donald
Aim: Donald, wielding a +0 long sword, wearing a +0 chain mail of fire resistance and wearing a +0 kite shield of reflection (severely wounded, strong, reflecting blocked projectiles, 87% to hit)
Donald reflects the stone arrow off his +0 kite shield of reflection!
You block the stone arrow. The swamp worm bites you!
You slash Donald! Donald blocks your attack.
Donald is almost dead.
The swamp worm bites you!
You slash Donald!
You kill Donald!
You hear a splash. x3
The swamp worm bites you!! You block the tyrant leech's attack.
Unknown command.
You slash the tyrant leech! You claw the tyrant leech.
The tyrant leech is moderately wounded.
The swamp worm bites you! You block the tyrant leech's attack.
You slash the tyrant leech!
You peck the tyrant leech, but do no damage.
The tyrant leech is heavily wounded.
The swamp worm misses you.
The spriggan rider hits you from afar with a +0 spear.
* * * LOW HITPOINT WARNING * * *
The swamp worm bites you!
* * * LOW HITPOINT WARNING * * *
You slash the tyrant leech! You claw the tyrant leech!
The tyrant leech is almost dead.
You block the spriggan rider's attack. You block the tyrant leech's attack.
You block the swamp worm's attack.
You slash the tyrant leech! You drain the tyrant leech.
You kill the tyrant leech!
The spriggan rider hits you but does no damage.
The swamp worm bites you!
You die...
Your body glows with a rainbow of weird colours and disappears.

♣~.♣.~~~ ~
♣♣....§~ .~
♣~~~..~♣♣
..~♣♣.~v~~..♣♣
~~.~..~~~~~~.♣
~~.~~.~..~~~~~~.♣
~~.~~~~....w§~~.♣
.~.~..~~.!@.♣
~~.~.~~~≈~)~♣♣
♣~.~≈≈≈≈≈i~..♣"
♣♣~~≈≈≈≈≈≈≈~...
.>~≈≈≈~.§≈≈§~..~
~~.≈≈≈.<.≈≈≈~!.~~.
~~.≈≈≈~~.≈≈≈..~§~~
~~.§≈≈≈≈~~≈~.~~~~~
...~≈≈≈~≈~≈....


You could see a spriggan rider, a will-o-the-wisp and a swamp worm.

Vanquished Creatures
  Kirke (D:12)
  Donald (Swamp:1)
  A minotaur (Gauntlet)
  A spark wasp (Lair:5)
  Snorg (D:9)
  An ice dragon (Lair:5)
  8 hydras
  2 boulder beetles (D:12)
  A centaur warrior (D:13)
  4 two-headed ogres
  5 death yaks (Lair:5)
  Amaemon (Lair:3)
  A shock serpent (Lair:5)
  A sixfirhy (Gauntlet)
  A swamp dragon (Lair:5)
  8 lindwurms (Lair:5)
  An orc knight (D:11)
  2 cyclopes
  2 manticores
  An ugly thing (D:11)
  9 elephants
  6 torpor snails
  7 black mambas
  An apocalypse crab (Gauntlet)
  Maggie (D:6)
  8 cane toads
  An orange demon (Lair:3)
  3 gargoyles
  An unseen horror (Gauntlet)
  A demonic crawler (Lair:2)
  7 komodo dragons
  A kobold demonologist (D:9)
  3 rime drakes
  4 polar bears
  2 hornets (Lair:5)
  5 trolls
  A wind drake (Lair:5)
  4 tyrant leeches
  11 blink frogs
  11 dream sheep
  3 vampires
  2 shadows
  4 wraiths
  3 wyverns
  2 fire bats (Lair:5)
  48 yaks
  Eustachio (D:5)
  A steam dragon (Lair:5)
  Edmund (D:6)
  An acid dragon (Lair:5)
  11 water moccasins
  2 two-headed ogre zombies (D:9)
  Duvessa (D:7)
  4 black bears
  5 orc warriors
  3 swamp drakes
  A tengu (Lair:5)
  An ice beast (D:5)
  A sky beast (D:7)
  17 wolves
  4 centaurs
  2 ogres
  A phantom (D:6)
  4 kobold brigands
  2 necrophages (D:5)
  4 scorpions (Lair:2)
  A gnoll sergeant (D:11)
  12 bullfrogs
  5 wights (D:7)
  Dowan (D:7)
  A troll zombie (D:9)
  6 killer bees
  An electric eel (D:7)
  2 vampire bats (Lair:5)
  8 howler monkeys
  A human zombie (Ossuary)
  2 centaur zombies (Ossuary)
  7 hounds
  7 orc priests
  Crazy Yiuf (D:3)
  A jelly (Lair:1)
  A gnoll bouda (D:5)
  Jessica (D:2)
  9 iguanas
  11 orc wizards
  8 ogre zombies
  7 mummies (Ossuary)
  11 gnolls
  5 adders
  2 river rats (Gauntlet)
  A shadow imp (D:6)
  A white imp (D:6)
  4 adder zombies (Ossuary)
  5 worms
  2 dart slugs (D:2)
  36 orcs
  10 bats
  3 endoplasms
  A giant cockroach (D:2)
  2 goblins
  5 hobgoblins
  6 quokkas
  8 ball pythons
  3 frilled lizards
  A goblin skeleton (D:9)
  4 goblin zombies
  3 hobgoblin skeletons (D:9)
  12 hobgoblin zombies
  24 kobolds
  5 kobold zombies (Ossuary)
  3 orc skeletons (D:9)
  13 orc zombies (D:9)
  3 quokka zombies (Ossuary)
  2 rats
  3 rat zombies
  A briar patch (Lair:2)
  A demonic plant (Gauntlet)
533 creatures vanquished.

Vanquished Creatures (collateral kills)
  A sixfirhy (Gauntlet)
  3 rime drakes
  6 yaks (Lair:1)
  A basilisk (Lair:5)
  A wolf (Lair:1)
  A worm (Lair:2)
13 creatures vanquished.

Vanquished Creatures (others)
  12 demonic plants (Gauntlet)
  9 fulminant prisms
  25 fungi
  46 plants
92 creatures vanquished.

Grand Total: 638 creatures vanquished

Notes
Turn   | Place    | Note
-------+----------+-------------------------------------------
     0 | D:1      | Hubris850 the Tengu Conjurer began the quest for the Orb.
     0 | D:1      | Reached XP level 1. HP: 10/10 MP: 4/4
   486 | D:1      | Reached XP level 2. HP: 15/15 MP: 1/6
   489 | D:1      | Learned a level 2 spell: Searing Ray
  1235 | D:2      | Found a sparkling altar of Nemelex Xobeh.
  1263 | D:2      | Reached XP level 3. HP: 19/19 MP: 1/7
  1394 | D:2      | Reached XP level 4. HP: 24/24 MP: 1/8
  1399 | D:2      | Learned a level 4 spell: Fulminant Prism
  1547 | D:2      | Became a worshipper of Nemelex Xobeh the Trickster
  1621 | D:2      | Noticed Jessica
  1626 | D:2      | Killed Jessica
  1627 | D:2      | Reached skill level 6 in Conjurations
  1962 | D:2      | Reached skill level 1 in Short Blades
  2240 | D:3      | Gained mutation: Your magical nature lets you fly swiftly
                  | and evasively. [Tengu growth]
  2240 | D:3      | Reached XP level 5. HP: 28/28 MP: 6/10
  2367 | D:3      | Found a radiant altar of Vehumet.
  2380 | D:3      | Found an opulent altar of Gozag.
  2426 | D:3      | Found a burning altar of Makhleb.
  2427 | D:3      | Found a glowing golden altar of the Shining One.
  2532 | D:3      | Found a shadowy altar of Dithmenos.
  2899 | D:3      | Found an ancient bone altar of Kikubaaqudgha.
  2962 | D:3      | Found a runed translucent door.
  2963 | D:3      | Noticed Crazy Yiuf
  2972 | D:3      | Killed Crazy Yiuf
  2973 | D:3      | Reached skill level 1 in Hexes
  3105 | D:3      | Found a broken altar of Ashenzari.
  3189 | D:3      | Reached * piety under Nemelex Xobeh
  3191 | D:3      | Found a snail-covered altar of Cheibriados.
  3293 | D:4      | Received a gift from Nemelex Xobeh
  3420 | D:4      | Identified the +5 ring mail "Seaf" {rF+++ MP+9 Slay+5}
  3548 | D:4      | Reached XP level 6. HP: 32/32 MP: 11/11
  3785 | D:4      | Found a staircase to the Ecumenical Temple.
  4426 | D:5      | Entered Level 5 of the Dungeon
  4630 | D:5      | Reached ** piety under Nemelex Xobeh
  4649 | D:5      | Noticed an ice beast
  4658 | D:5      | Killed an ice beast
  4659 | D:5      | Reached XP level 7. HP: 36/36 MP: 11/12
  4664 | D:5      | Noticed Eustachio
  4674 | D:5      | Killed Eustachio
  4801 | D:5      | Found a runed translucent gate.
  4801 | D:5      | Found a runed translucent gate.
  4803 | D:5      | Noticed Muataran's ghost (novice HOFi)
  4804 | D:5      | Found a runed translucent gate.
  4888 | D:5      | Reached skill level 1 in Fighting
  4888 | D:5      | Reached skill level 5 in Short Blades
  4888 | D:5      | Reached skill level 1 in Armour
  4989 | D:5      | Reached XP level 8. HP: 44/44 MP: 13/13
  5722 | D:6      | Noticed Maggie
  5727 | D:6      | Noticed Edmund
  5739 | D:6      | Killed Maggie
  5740 | D:6      | Reached XP level 9. HP: 28/50 MP: 14/14
  5745 | D:6      | Killed Edmund
  6075 | D:7      | Noticed Duvessa
  6078 | D:7      | Noticed Dowan
  6093 | D:7      | Killed Duvessa
  6228 | D:7      | Reached skill level 10 in Short Blades
  6305 | D:7      | Reached skill level 1 in Invocations
  6500 | D:7      | Killed Dowan
  6526 | D:7      | Identified a scroll of acquirement
  6526 | D:7      | Acquired a book of Dangerous Friends
  6757 | D:7      | Found a bloodstained altar of Trog.
  7024 | D:7      | Received a gift from Nemelex Xobeh
  7283 | D:8      | Reached skill level 5 in Invocations
  7418 | D:8      | Found a sand-covered staircase.
  7440 | Ossuary  | Entered an ossuary
  7525 | Ossuary  | Reached XP level 10. HP: 56/56 MP: 16/16
  7989 | Ossuary  | Reached skill level 7 in Conjurations
  8268 | D:8      | Noticed a cyclops
  8278 | D:8      | Killed a cyclops
  8348 | D:8      | Reached *** piety under Nemelex Xobeh
  8387 | D:8      | Acquired 846 gold pieces
  8545 | D:8      | Received a gift from Nemelex Xobeh
  8840 | D:9      | Reached skill level 8 in Conjurations
  9020 | D:9      | Reached skill level 5 in Spellcasting
  9264 | D:9      | Found Gojaet's Jewellery Shoppe.
  9370 | D:9      | Found a staircase to the Orcish Mines.
  9397 | D:9      | Reached skill level 9 in Conjurations
  9598 | D:9      | Noticed a two-headed ogre
  9613 | D:9      | Killed a two-headed ogre
  9614 | D:9      | Reached skill level 10 in Conjurations
  9706 | D:9      | Learned a level 3 spell: Dazzling Flash
  9710 | D:9      | Learned a level 3 spell: Stone Arrow
  9713 | D:9      | Learned a level 2 spell: Blink
  9828 | D:9      | Found Qid Empi's Jewellery Boutique.
  9903 | D:9      | Noticed a kobold demonologist
  9916 | D:9      | Killed a kobold demonologist
 10000 | D:10     | Entered Level 10 of the Dungeon
 10014 | D:10     | Reached skill level 1 in Translocations
 10014 | D:10     | Reached skill level 1 in Earth Magic
 10014 | D:10     | Reached XP level 11. HP: 33/60 MP: 21/21
 10474 | D:10     | Received a gift from Nemelex Xobeh
 10566 | D:10     | Noticed a two-headed ogre
 10568 | D:10     | Killed a two-headed ogre
 10641 | D:10     | Reached **** piety under Nemelex Xobeh
 10675 | D:10     | Found a staircase to the Lair.
 10898 | D:10     | Received a gift from Nemelex Xobeh
 11086 | D:10     | Found a stormy altar of Qazlal.
 11474 | Lair:1   | Entered Level 1 of the Lair of Beasts
 11895 | Lair:1   | Reached skill level 5 in Earth Magic
 11933 | Lair:1   | Found a glowing golden altar of the Shining One.
 12065 | Lair:1   | Received a gift from Nemelex Xobeh
 12185 | Lair:1   | Reached ***** piety under Nemelex Xobeh
 12283 | Lair:1   | Reached skill level 11 in Conjurations
 12290 | Lair:1   | Reached XP level 12. HP: 49/64 MP: 24/24
 12293 | Lair:1   | Received a gift from Nemelex Xobeh
 12482 | Lair:1   | Got the Volume of Rime and Moulding
 12583 | Lair:2   | Reached skill level 12 in Conjurations
 12620 | Lair:2   | Found a hole to the Spider Nest.
 12651 | Lair:2   | Noticed a four-headed hydra
 12660 | Lair:2   | Killed a four-headed hydra
 12661 | Lair:2   | Noticed a six-headed hydra
 12663 | Lair:2   | Found a gate leading to a gauntlet.
 12668 | Lair:2   | Killed a six-headed hydra
 12669 | Lair:2   | Found a transporter.
 12779 | Gauntlet | Entered a Gauntlet
 12779 | Gauntlet | Found a transporter.
 12779 | Gauntlet | Found a transporter.
 12790 | Gauntlet | Found a transporter.
 12800 | Gauntlet | Found a transporter.
 12815 | Gauntlet | Found a transporter.
 12828 | Gauntlet | Found a transporter.
 12839 | Gauntlet | Received a gift from Nemelex Xobeh
 12845 | Gauntlet | Found a transporter.
 12845 | Gauntlet | Noticed a balrug
 12909 | Gauntlet | Noticed a wretched star
 12940 | Gauntlet | Found a transporter.
 12940 | Gauntlet | Found a transporter.
 12950 | Gauntlet | Found a transporter.
 12951 | Gauntlet | Noticed a blizzard demon
 12954 | Gauntlet | Found a transporter.
 12960 | Gauntlet | Found a transporter.
 12994 | Gauntlet | Found a transporter.
 13022 | Gauntlet | Found a transporter.
 13061 | Gauntlet | Found a transporter.
 13078 | Gauntlet | Found a transporter.
 13440 | Gauntlet | Identified the ring "Leumink" {rC- Will++ rCorr Str+6
                  | Slay-2}
 13469 | Gauntlet | Reached skill level 13 in Conjurations
 13508 | Gauntlet | Noticed a minotaur
 13521 | Gauntlet | Killed a minotaur
 13532 | Gauntlet | Identified the +0 robe "Xaej" {rElec Will- Stlth+}
 13533 | Gauntlet | Got the Monograph on Translocation and the Mountains
 13699 | Lair:2   | Found a staircase to the Swamp.
 13873 | Lair:2   | Noticed an eight-headed hydra
 13888 | Lair:2   | Killed an eight-headed hydra
 13938 | Lair:2   | Reached skill level 14 in Conjurations
 14072 | Lair:2   | Found a transporter.
 14987 | Lair:3   | Noticed a five-headed hydra
 14994 | Lair:3   | Killed a two-headed hydra
 15038 | Lair:3   | Received a gift from Nemelex Xobeh
 15055 | Lair:3   | Reached XP level 13. HP: 68/68 MP: 27/27
 15092 | Lair:3   | Reached skill level 10 in Spellcasting
 15176 | Lair:3   | Noticed Amaemon
 15189 | Lair:3   | Killed Amaemon
 15841 | Lair:3   | Learned a level 7 spell: Orb of Destruction
 15847 | Lair:3   | Learned a level 5 spell: Freezing Cloud
 15853 | Lair:3   | Learned a level 5 spell: Borgnjor's Vile Clutch
 16031 | Lair:3   | Reached skill level 1 in Air Magic
 16181 | Lair:3   | Reached skill level 1 in Necromancy
 16431 | Lair:3   | Reached skill level 1 in Ice Magic
 16718 | Lair:4   | Reached skill level 15 in Conjurations
 16955 | Lair:4   | Received a gift from Nemelex Xobeh
 17141 | Lair:4   | Found a runed translucent door.
 17142 | Lair:4   | Noticed an acid blob
 17142 | Lair:4   | Noticed an acid blob
 17143 | Lair:4   | Noticed an acid blob
 17144 | Lair:4   | Found a staircase to the Slime Pits.
 17144 | Lair:4   | Noticed an acid blob
 17871 | Lair:5   | Entered Level 5 of the Lair of Beasts
 17880 | Lair:4   | HP: 3/68 [poisoned by a black mamba]
 17881 | Lair:4   | HP: 1/68 [poisoned by a black mamba]
 18583 | Lair:4   | Reached skill level 5 in Air Magic
 18928 | Lair:5   | Received a gift from Nemelex Xobeh
 18997 | Lair:5   | Reached XP level 14. HP: 66/74 MP: 30/30
 19074 | Lair:5   | Reached skill level 5 in Necromancy
 19186 | Lair:5   | Reached skill level 16 in Conjurations
 19285 | Lair:5   | Received a gift from Nemelex Xobeh
 19549 | Lair:5   | Reached ****** piety under Nemelex Xobeh
 19747 | Lair:5   | Received a gift from Nemelex Xobeh
 19946 | Lair:5   | Got the Secrets of the Enthralling Barrage
 20269 | Lair:5   | Reached skill level 1 in Long Blades
 20419 | Lair:5   | Identified the +9 quarterstaff "Ruef" {freeze, Contam Int+2
                  | Dex+7}
 20496 | Lair:5   | Found a runed translucent door.
 20585 | Lair:5   | Reached skill level 5 in Long Blades
 22022 | Orc:1    | Entered Level 1 of the Orcish Mines
 22071 | Orc:1    | Noticed Snorg
 22255 | D:9      | Killed Snorg
 22256 | D:9      | Reached skill level 1 in Shields
 22509 | Orc:1    | Received a gift from Nemelex Xobeh
 22692 | Orc:2    | Entered Level 2 of the Orcish Mines
 22692 | Orc:2    | Found Rilahun's Antique Weapon Shop.
 22742 | D:11     | Found Soqiy's Jewellery Emporium.
 22804 | D:11     | Found Eziest's Book Shop.
 22809 | D:11     | Found Fuceig's Distillery.
 23190 | D:11     | Identified the +6 falchion of Fatigue {drain, rElec Will-
                  | Dex+9 Stlth+}
 23208 | D:11     | Reached XP level 15. HP: 59/80 MP: 31/31
 23312 | D:11     | Received a gift from Nemelex Xobeh
 23453 | D:11     | Found Maodumn's Book Emporium.
 23535 | D:11     | Found Diocheops's Book Boutique.
 23913 | D:12     | Received a gift from Nemelex Xobeh
 24087 | D:12     | Received a gift from Nemelex Xobeh
 24335 | D:12     | Noticed Kirke
 24344 | D:12     | Killed Kirke
 24345 | D:12     | Reached skill level 5 in Fighting
 24360 | D:12     | Found an ancient bone altar of Kikubaaqudgha.
 24661 | Swamp:1  | Entered Level 1 of the Swamp
 24661 | Swamp:1  | Noticed Donald
 24667 | Swamp:1  | Killed Donald
 24671 | Swamp:1  | Mangled by a swamp worm

Illustrated notes

Levels and vault maps discovered:
D:1:      dpeg_arrival_line_fractal, layout_basic
D:2:      layout_rooms, basic_altar, uniq_jessica
D:3:      layout_loops_ring, general_overflow_altar,
          nicolae_overflow_crystal_walls, nicolae_overflow_quartered_altars,
          gammafunk_temple_overflow_pools, uniq_crazy_yiuf_cottage
D:4:      layout_loops_corners, minmay_temple_entry_purple_smoke, dk_vineyard_2
D:5:      layout_basic, ebering_ghost_rock_garden, uniq_eustachio
D:6:      layout_rooms, uniq_maggie, uniq_edmund
D:7:      layout_loops_ring, mainiacjoe_overflow_brackets, water_boxes_lemuel,
          uniq_duvessa
D:8:      layout_loops_ring, serial_glass, glass_columns_b, glass_columns_b,
          enter_ossuary_1
D:9:      layout_rooms, zombieorc2_lemuel, serial_shops, shop,
          minmay_shop_enchanted_jewellery
D:10:     layout_layer_cave, kennysheep_little_box, lair_entry_dummy
D:11:     layout_basic, serial_shops, shop, nicolae_stop_n_shop_2,
          nicolae_stop_n_shop_1, shop, nicolae_shop_hallway_stairs, minmay_bent
D:12:     layout_irregular_city, lemuel_zombie_altar_kikubaaqudgha, uniq_kirke
D:13:     layout_roguey, uniq_josephine, uniq_frances
Lair:1:   layout_regular_city, lemuel_centaur_altar, serial_bayou_shore_b
Lair:2:   gammafunk_worm_tunnel, layout_concentric_octagons, swamp_mist,
          nicolae_spider_entry_non_spiders, gauntlet_entry_generic,
          serial_bayou_crossing
Lair:3:   layout_concentric_octagons, serial_bayou_shore_a, uniq_amaemon
Lair:4:   layout_hall_layers, slime_entry_2
Lair:5:   wormcave, layout_layer_cave, guppyfry_lair_end_dragon,
          roderic_batcave, minmay_lindwurm_lava
Swamp:1:  layout_basic_swamp, evilmike_swamp_ruin_house_6, swamp_pool1,
          wheals_swamp_sinkhole, infiniplex_staircase_pool_2, uniq_donald
Orc:1:    layout_diamond_mine, serial_shops, nicolae_shop_crystal,
          enter_volcano_2, uniq_snorg
Orc:2:    grunt_orc_gardens, layout_caves, grunt_orc_garden, grunt_orc_garden,
          grunt_orc_garden, grunt_orc_garden, lemuel_statue_altar, mines1_david

Skill      XL: |  1  2  3  4  5  6  7  8  9 10 11 12 13 14 15 |
---------------+----------------------------------------------+-----
Dodging        | 3 4 |  4.2
Stealth        | 3 |  3.0
Conjurations   | 6 10 11 14 15 16 | 16.8
Short Blades   | 1 2 3 5 8 10 | 10.0
Spellcasting   | 3 6 7 9 11 | 11.8
Hexes          | 1 2 3 4 |  4.0
Fighting       | 1 3 4 5 |  5.3
Armour         | 2 3 |  3.0
Invocations    | 5 |  5.0
Translocations | 1 3 |  3.0
Earth Magic    | 1 5 |  5.7
Air Magic      | 5 |  5.0
Necromancy     | 4 5 |  5.0
Ice Magic      | 3 |  3.0
Long Blades    | 8 9 |  9.2
Shields        | 2 4 |  4.2

Action                   |  1- 3 |  4- 6 |  7- 9 | 10-12 | 13-15 || total
-------------------------+-------+-------+-------+-------+-------++-------
Melee: Short sword       |       |     3 |   140 |   465 |   392 ||  1000
       Peck              |       |       |    26 |   110 |   193 ||   329
       Kick              |       |       |    49 |   225 |   312 ||   586
       Punch             |       |       |     3 |     8 |    11 ||    22
       Falchion          |       |       |       |     3 |   256 ||   259
Throw: Dart              |       |       |       |     1 |       ||     1
 Cast: Magic Dart        |    40 |   108 |    85 |   153 |   144 ||   530
       Searing Ray       |     2 |     6 |    12 |     4 |       ||    24
       Stone Arrow       |       |       |       |    21 |    38 ||    59
       Fulminant Prism   |       |       |       |     6 |     3 ||     9
       Dazzling Flash    |       |       |       |     3 |       ||     3
       Blink             |       |       |       |     2 |     1 ||     3
       Orb of Destructio |       |       |       |       |     4 ||     4
       Freezing Cloud    |       |       |       |       |    10 ||    10
Invok: Draw Destruction  |       |       |     5 |    20 |    25 ||    50
       Draw Summoning    |       |       |       |     4 |     4 ||     8
       Draw Escape       |       |       |       |       |     2 ||     2
       Triple Draw       |       |       |       |       |     1 ||     1
Evoke: Wand              |       |       |     1 |     1 |       ||     2
  Use: Scroll            |       |    12 |     7 |    14 |     7 ||    40
       Potion            |       |       |     3 |     6 |     7 ||    16
 Stab: Sleeping          |       |       |     1 |     8 |     2 ||    11
       Invisible         |       |       |       |     1 |       ||     1
       Distracted        |       |       |       |     2 |     2 ||     4
       Confused          |       |       |       |       |     1 ||     1
Armor: Robe              |     1 |     3 |       |       |       ||     4
       Ring mail         |       |     3 |    24 |    85 |   197 ||   309
Dodge: Dodged            |     9 |    12 |    89 |   275 |   520 ||   905
Block: Kite shield       |       |       |       |       |    85 ||    85

Table legend: (Time is in decaauts)
 A = Elapsed time spent in this place.
 B = Non-inter-level travel time spent in this place.
 C = Inter-level travel time spent in this place.
 D = Time resting spent in this place.
 E = Time spent auto-exploring this place.
 F = Levels seen in this place.
 G = Mean time per level.
                   A        B        C        D        E       F      G
               +--------+--------+--------+--------+--------+-----+--------+
         Total |  23035 |  21891 |   1144 |   4811 |  12397 |  23 | 1001.5 |
       Dungeon |  12608 |  11972 |    636 |   1715 |   8384 |  13 |  969.8 |
          Lair |   8700 |   8200 |    500 |   2695 |   3909 |   5 | 1740.0 |
         Swamp |      9 |      9 |      0 |      0 |      0 |   1 |    9.0 |
  Orcish Mines |    283 |    276 |      7 |     25 |    103 |   2 |  141.5 |
       Ossuary |    732 |    732 |      0 |    194 |      0 |   1 |  732.0 |
      Gauntlet |    701 |    701 |      0 |    181 |      0 |   1 |  701.0 |
               +--------+--------+--------+--------+--------+-----+--------+

Top non-repeatable levels by time:
  Lair:5: 3023 daAuts
    D:10: 1685 daAuts
  Lair:4: 1677 daAuts
  Lair:2: 1637 daAuts
     D:9: 1543 daAuts
  Lair:3: 1503 daAuts
     D:1: 1350 daAuts
     D:4: 1070 daAuts
     D:3: 1050 daAuts
     D:7: 1013 daAuts
    D:11: 932 daAuts
  Lair:1: 858 daAuts
     D:5: 833 daAuts
     D:6: 824 daAuts
     D:2: 807 daAuts
